 Dungeon Crawl Stone Soup version 0.22-a0-265-g0d8bc90 (webtiles) character file.

322844 tsouns the Unseen (level 21, -5/156 HPs)
             Began as an Octopode Fighter on Mar 5, 2018.
             Was the Champion of Ashenzari.
             Killed from afar by Mara (illusionary) (46 damage)
             ... with a bolt of fire
             ... on level 1 of the Depths on Mar 8, 2018.
             The game lasted 02:56:25 (46563 turns).

tsouns the Unseen (Octopode Fighter)               Turns: 46563, Time: 02:56:25

Health: -5/156     AC:  3    Str: 23    XL:     21   Next: 56%
Magic:  46/48      EV: 28    Int: 18    God:    Ashenzari [******]
Gold:   580        SH: 24    Dex: 16    Spells: 20/49 levels left

rFire    . . .     SeeInvis +   Q - +9 morningstar (flame) (curse)
rCold    + . .     Gourm    .   b - +5 shield (curse)
rNeg     . . .     Faith    .   f - +2 hat {MR+} (curse)
rPois    +         Spirit   .   G - +4 amulet of reflection (curse)
rElec    .         Reflect  +   u - ring of magical power (curse)
rCorr    .         Harm     .   J - +3 ring of strength (curse)
MR       +++..     Clarity  +   j - ring of protection from magic (curse)
Stlth    +++++++++.             S - ring "Kiarchef" {rPois Dex+2} (curse)
HPRegen  0.36/turn              Z - ring of protection from cold (curse)
MPRegen  0.31/turn              V - +5 ring of strength (curse)
                                i - ring of wizardry (curse)
                                e - ring of stealth (curse)

@: no status effects
A: almost no armour, stealthy swim, amphibious, 8 rings, constrict 8, camouflage
1, gelatinous body 1
}: 2/15 runes: decaying, gossamer
a: Curse Item, Scrying, Transfer Knowledge, Renounce Religion


You were on level 1 of the Depths.
You worshipped Ashenzari.
Ashenzari was exalted by your worship.
You were hungry.

You visited 8 branches of the dungeon, and saw 38 of its levels.

You collected 4536 gold pieces.
You spent 3956 gold pieces at shops.

Inventory:

Hand Weapons
 Q - a cursed +9 morningstar of flaming (weapon)
Missiles
 k - 933 stones (quivered)
 L - 2 javelins of penetration
Armour
 b - a cursed +5 shield (worn)
 f - a cursed +2 hat of magic resistance (worn)
Jewellery
 e - a cursed ring of stealth (on tentacle)
 i - a cursed ring of wizardry (on tentacle)
 j - a cursed ring of protection from magic (on tentacle)
 u - a cursed ring of magical power (left tentacle)
 G - a cursed +4 amulet of reflection (around mantle)
 J - a cursed +3 ring of strength (right tentacle)
 S - the cursed ring "Kiarchef" (on tentacle) {rPois Dex+2}
   (You acquired it on level 5 of the Lair of Beasts)

   [ring of poison resistance]

   It affects your dexterity (+2).
   It protects you from poison.
   It has a curse placed upon it.
 V - a cursed +5 ring of strength (on tentacle)
 X - an uncursed ring of fire
 Z - a cursed ring of protection from cold (on tentacle)
Wands
 w - a wand of clouds (21)
 x - a wand of disintegration (7)
 I - a wand of acid (8)
 K - a wand of paralysis (66)
 O - a wand of iceblast (25)
 T - a wand of polymorph (41)
 W - a wand of scattershot (6)
Scrolls
 a - a scroll of enchant armour
 o - 18 scrolls of teleportation
 r - 12 scrolls of remove curse
 s - 8 scrolls of fear
 y - 2 scrolls of blinking
 A - 9 scrolls of amnesia
 C - 2 scrolls of enchant weapon
 F - 3 scrolls of magic mapping
 H - 6 scrolls of fog
 R - 2 scrolls of holy word
 U - 22 scrolls of identify
 Y - 5 scrolls of immolation
Potions
 c - 9 potions of might
 g - 9 potions of agility
 h - 14 potions of curing
 l - 4 potions of resistance
 n - 2 potions of magic
 p - 14 potions of haste
 q - 4 potions of flight
 t - a potion of cancellation
 v - 8 potions of mutation
 z - 7 potions of ambrosia
 B - 10 potions of heal wounds
 E - 2 potions of invisibility
 M - 5 potions of brilliance
Miscellaneous
 D - a lamp of fire (inert)
 N - a lightning rod (4/4)
 P - a fan of gales
Comestibles
 d - 36 rations


   Skills:
 + Level 17.0 Fighting
 - Level 12.1(16.3) Maces & Flails
 - Level 0.1 Throwing
 + Level 15.0(19.0) Dodging
 - Level 18.3(22.0) Stealth
 - Level 15.0(17.5) Shields
 + Level 14.6 Spellcasting
 - Level 6.9(11.4) Conjurations
 - Level 2.1(5.5) Charms
 - Level 2.2(5.6) Necromancy
 - Level 2.1(5.5) Translocations
 - Level 6.8(11.3) Ice Magic
 - Level 6.1(10.6) Air Magic
 - Level 2.7(6.4) Poison Magic
 - Level 4.5(8.9) Evocations


You had 20 spell levels left.
You knew the following spells:

 Your Spells              Type           Power        Failure   Level  Hunger
a - Animate Skeleton      Necr           N/A          1%          1    None
b - Apportation           Tloc           ####..       1%          1    None
c - Swiftness             Chrm/Air       #####...     1%          2    None
d - Poisonous Vapours     Pois/Air       #####.       1%          2    None
e - Animate Dead          Necr           N/A          1%          4    None
f - Airstrike             Air            ######....   1%          4    None
g - Freezing Cloud        Conj/Ice/Air   ######....   3%          6    #####..
h - Bolt of Cold          Conj/Ice       ######....   2%          6    #####..
i - Regeneration          Chrm/Necr      ####......   1%          3    None


Dungeon Overview and Level Annotations

Branches:
Dungeon (15/15)            Temple (0/1) D:6            Lair (6/6) D:9
  Swamp (4/4) Lair:4       Spider (4/4) Lair:2        Slime (0/5) Lair:6
    Orc (2/2) D:9             Elf (2/3) Orc:2        Vaults (4/5) D:13
  Crypt (0/3) Vaults:2     Depths (1/5) D:15

Altars:
Ashenzari
Gozag
Hepliaklqana
Makhleb
Qazlal
Ru
Trog
Beogh

Shops:
D:3 *   D:9 ?   D:15 !   Orc:2 [=*}   Elf:1 !   Elf:2 :   Vaults:4 *!=

Annotations:
D:13 6 runed doors
Lair:5 exclusion: 2 oklob plants
Elf:2 3 runed doors
Depths:1 Mara


Innate Abilities, Weirdness & Mutations

You cannot wear most types of armour.
You are very stealthy in the water. (Stealth+)
You are amphibious.
You can wear up to eight rings at the same time.
You can use your tentacles to constrict eight enemies at once.
Your skin changes colour to match your surroundings (Stealth+).
Your rubbery body absorbs attacks. (AC +1, EV +1)


Message History

Your stone giant zombie hits Mara!
Mara is engulfed in freezing vapours.
Mara gestures at you. The bolt of fire misses you.
The hell knight is engulfed in freezing vapours.
Mara is engulfed in freezing vapours.
Mara gestures at you. The bolt of fire hits you! x2
* * * LOW HITPOINT WARNING * * *
Mara is engulfed in freezing vapours.
The hell knight is engulfed in freezing vapours.
The hell knight hits your stone giant zombie with a glaive of flaming!
The hell knight burns your stone giant zombie.
Tsouns's illusion is engulfed in freezing vapours.
Your stone giant zombie hits the hell knight!
Mara is engulfed in freezing vapours.
Mara gestures at you.
The bolt of fire hits your yaktaur zombie.
Your yaktaur zombie is destroyed!
The bolt of fire hits you!
You die...

#..Z.## ####
#.#ZZ.## ****
##.#.####.##...## ,
,,,...........##..⌠#
..#.#>#......#.<)#
,,,
............##)))# ,
, ..#.#.#....##.(.##
,...........#§..## *
* #.#.#.#....@..##
** **........Z.#Z##,
, , #.#.#.#.pRR###,
* , ,,#.......§@RD{,
, ,,
,#.#.#.#..§§....,
,,,
,#............}..#
,,,,
.#.#.#.........#
,,**
,..............# ,
,, *.#.#.........#


You could see 3 Maras, a hell knight, tsouns's illusion, a friendly yaktaur
zombie and a friendly stone giant zombie.

Vanquished Creatures
  Bai Suzhen (Swamp:4)
  the Lernaean hydra (Swamp:4)
  Saint Roka (Orc:2)
  A lich (Vaults:2)
  3 thorn hunters
  3 tengu reavers
  A fire giant (Vaults:3)
  10 vault wardens
  2 frost giants
  5 ghost moths
  Aizul (Vaults:1)
  4 emperor scorpions
  9 ironheart preservers
  3 very ugly things (Vaults:4)
  7 stone giants
  4 entropy weavers
  2 deep elf demonologists (Elf:1)
  A deep elf annihilator (Elf:1)
  A deep elf death mage (Vaults:4)
  2 ettins
  2 fire dragons
  6 yaktaur captains
  Harold (Lair:1)
  7 vault guards
  Erolcha (Orc:1)
  16 hydras
  A rakshasa (Vaults:2)
  A catoblepas (Lair:6)
  2 ghost crabs
  8 centaur warriors
  13 dancing weapons
  3 death knights
  4 alligators
  35 two-headed ogres
  7 ogre magi
  A vampire mage (Depths:1)
  3 hell knights (Depths:1)
  14 deep elf knights
  Sonja (D:11)
  11 skeletal warriors
  2 spriggan druids
  A glowing orange brain (Vaults:3)
  4 flayed ghosts
  6 unseen horrors
  11 swamp dragons (Swamp:4)
  13 deep elf archers
  2 wizards
  4 deep trolls
  3 shambling mangroves
  13 ironbrand convokers
  A phantasmal warrior (Vaults:4)
  7 harpies
  A lindwurm (shapeshifter) (Elf:2)
  34 wolf spiders
  44 deep elf magi
  24 orc knights
  16 orb spiders
  3 necromancers
  8 cyclopes
  2 orc sorcerers
  36 ugly things
  A salamander (shapeshifter) (D:15)
  A moth of wrath (Spider:2)
  Maurice (D:9)
  3 torpor snails
  A black mamba (shapeshifter) (Vaults:3)
  2 gargoyles (D:13)
  3 elephants (Lair:6)
  3 black mambas
  10 vault sentinels
  2 centaur skeletons
  A storm dragon simulacrum (Vaults:3)
  12 spiny frogs
  20 yaktaurs
  2 demonic crawlers
  7 komodo dragons
  A yaktaur (shapeshifter) (D:13)
  A kobold demonologist (D:13)
  2 komodo dragons (shapeshifter) (Vaults:3)
  7 freezing wraiths
  An efreet (D:14)
  3 meliai (D:15)
  13 trolls
  A troll (shapeshifter) (Vaults:1)
  6 tyrant leeches
  2 meliai (shapeshifter)
  19 jumping spiders
  A merfolk (shapeshifter) (Vaults:4)
  14 hornets
  8 polar bears
  7 bog bodies
  33 slime creatures
  A dream sheep (shapeshifter) (Vaults:4)
  3 blink frogs
  2 raiju (Lair:6)
  13 hippogriffs
  A centaur simulacrum (D:11)
  6 shadows
  A spriggan (shapeshifter) (Vaults:4)
  42 redbacks
  22 tarantellas
  9 spriggans
  15 humans (D:13)
  4 wraiths
  A vampire (D:10)
  A hog (shapeshifter) (Vaults:1)
  4 water elementals (Elf:2)
  51 yaks
  3 hungry ghosts
  A basilisk (shapeshifter) (Vaults:1)
  6 wyverns
  2 fire elementals
  4 basilisks
  2 steam dragons
  13 wargs
  Menkaure (D:6)
  Edmund (D:6)
  8 vampire mosquitoes
  An acid dragon (shapeshifter) (Vaults:1)
  2 soldier ants
  11 hell hounds (Lair:6)
  10 insubstantial wisps
  16 swamp worms
  13 water moccasins
  6 acid dragons
  11 black bears (Lair:6)
  4 porcupines
  60 orc warriors
  5 ice beasts
  11 swamp drakes
  3 sky beasts
  5 phantoms
  An eye of draining (shapeshifter) (Vaults:4)
  21 wolves
  An eye of draining (D:10)
  11 centaurs
  30 ogres
  9 crocodiles
  Blork the orc (D:6)
  10 bullfrogs
  2 earth elementals
  A gnoll sergeant (D:9)
  2 wyvern zombies
  5 scorpions
  A wyvern skeleton (D:7)
  8 wights
  4 killer bees (D:8)
  6 howler monkeys
  3 electric eels
  5 crimson imps
  A bullfrog zombie (D:13)
  A quasit (D:10)
  34 orc wizards
  13 orc priests
  A centaur zombie (D:11)
  6 hounds
  15 jellies
  Natasha (thrice) (D:3)
  7 iguanas
  12 worker ants
  A hound zombie (D:10)
  A worker ant zombie (D:11)
  5 gnolls (D:9)
  10 adders
  7 oozes
  An adder skeleton (D:8)
  A worm (D:3)
  5 dart slugs
  3 leopard geckos
  116 orcs
  8 bats
  2 giant cockroaches
  10 goblins
  9 hobgoblins
  19 jackals
  5 quokkas
  2 ball pythons
  9 frilled lizards
  A jackal skeleton (D:8)
  10 kobolds
  A quokka skeleton (D:10)
  9 rats
  A plant (Lair:6)
1447 creatures vanquished.

Vanquished Creatures (collateral kills)
  A sphinx (Vaults:4)
  The ghost of Syneil the Minotaur Blade, an adept MiFi of Wu Jian (Spider:1)
  3 very ugly things (Vaults:4)
  A spark wasp (Spider:4)
  2 hydras (Swamp:4)
  A catoblepas (Lair:5)
  A death knight (Vaults:4)
  A two-headed ogre (D:15)
  An ogre mage (Vaults:1)
  An alligator (Swamp:4)
  A hell knight (Depths:1)
  A deep elf knight (Vaults:4)
  A flayed ghost (Vaults:2)
  A swamp dragon (Swamp:4)
  A shambling mangrove (Swamp:4)
  An orc knight (Vaults:3)
  5 orb spiders
  2 ironbrand convokers (Vaults:4)
  3 deep elf magi (Vaults:4)
  3 wolf spiders
  4 ugly things
  2 elephants (Lair:6)
  3 spiny frogs
  A black mamba (Lair:6)
  2 komodo dragons
  3 yaktaurs (Vaults:4)
  A demonic crawler (Spider:1)
  6 jumping spiders
  A troll (D:13)
  2 polar bears (Lair:6)
  2 slime creatures (Swamp:3)
  2 tyrant leeches
  A raiju (Lair:6)
  2 blink frogs (Lair:2)
  2 hornets (Spider:4)
  A bog body (Swamp:3)
  A hippogriff (Lair:6)
  12 redbacks
  3 tarantellas
  A wraith (Vaults:1)
  2 wyverns
  4 humans (D:13)
  A yak (Lair:6)
  A vampire mosquito (Swamp:3)
  An insubstantial wisp (Swamp:4)
  2 swamp worms
  A warg (Lair:6)
  A hell hound (Lair:6)
  2 swamp drakes
  3 orc warriors (Orc:2)
  A centaur (D:14)
  3 wolves
  A crocodile (Lair:5)
  A big kobold (D:13)
  A wight (Vaults:2)
  3 orc wizards
  A worker ant (D:13)
  2 orcs (Orc:2)
  A kobold (D:13)
  A fungus (Lair:6)
  A plant (Lair:6)
118 creatures vanquished.

Vanquished Creatures (others)
  An eldritch tentacle (Swamp:3)
  A centaur warrior (D:15)
  A deep elf archer (Elf:2)
  4 yaktaurs
  A centaur (D:14)
  A wyvern zombie (D:13)
  An orc (Orc:2)
  A fungus (Lair:6)
  13 plants
24 creatures vanquished.

Grand Total: 1589 creatures vanquished

Notes
Turn   | Place    | Note
-------+----------+-------------------------------------------
     0 | D:1      | tsouns the Octopode Fighter began the quest for the Orb.
     0 | D:1      | Reached XP level 1. HP: 16/16 MP: 1/1
    95 | D:1      | Reached XP level 2. HP: 14/21 MP: 2/2
   183 | D:1      | Found a shattered altar of Ashenzari.
   220 | D:1      | Became a worshipper of Ashenzari the Shackled
   410 | D:1      | Reached XP level 3. HP: 26/26 MP: 3/3
   697 | D:2      | Reached skill level 1 in Stealth
   961 | D:2      | Found a faded altar of an unknown god.
   995 | D:2      | Reached XP level 4. HP: 26/31 MP: 4/4
  1451 | D:3      | Noticed Natasha
  1452 | D:3      | Reached skill level 2 in Stealth
  1460 | D:3      | Killed Natasha
  1538 | D:3      | Reached XP level 5. HP: 36/36 MP: 5/5
  1569 | D:3      | Found Gozag's Platinum Reserve.
  1572 | D:3      | Found an opulent altar of Gozag.
  1698 | D:3      | Noticed Natasha
  1700 | D:3      | Reached * piety under Ashenzari
  1706 | D:3      | Killed Natasha
  1983 | D:3      | Found a bloodstained altar of Trog.
  2046 | D:3      | Noticed Natasha
  2051 | D:3      | Killed Natasha
  2051 | D:3      | Reached skill level 3 in Stealth
  2272 | D:4      | Reached XP level 6. HP: 43/43 MP: 6/6
  2505 | D:4      | Reached skill level 4 in Stealth
  2853 | D:5      | Entered Level 5 of the Dungeon
  2883 | D:5      | Reached XP level 7. HP: 48/48 MP: 7/7
  3264 | D:5      | Reached skill level 5 in Maces & Flails
  3265 | D:5      | Upgraded the game from 0.22-a0-259-gdd11e71 to 0.22-a0-265-g0d8bc90
  3287 | D:5      | Got the falchion of Juckav {venom, MR+}
  3288 | D:5      | Identified the +7 falchion of Juckav {venom, MR+} (You found it on level 5 of the Dungeon)
  3422 | D:5      | Reached skill level 5 in Stealth
  3437 | D:5      | Reached ** piety under Ashenzari
  3696 | D:6      | Noticed Menkaure
  3717 | D:6      | Killed Menkaure
  3921 | D:6      | Found a staircase to the Ecumenical Temple.
  3921 | D:6      | Noticed Edmund
  3931 | D:6      | Killed Edmund
  3931 | D:6      | Reached XP level 8. HP: 47/54 MP: 8/8
  3986 | D:6      | Reached skill level 5 in Fighting
  3986 | D:6      | Reached skill level 6 in Stealth
  4103 | D:6      | Noticed Blork the orc
  4127 | D:6      | Killed Blork the orc
  4127 | D:6      | Reached skill level 5 in Shields
  4318 | D:6      | Reached skill level 5 in Dodging
  4510 | D:6      | Reached skill level 7 in Stealth
  4642 | D:7      | Noticed a spriggan baker
  4646 | D:7      | Killed a spriggan baker
  4795 | D:7      | Reached XP level 9. HP: 46/62 MP: 9/9
  5009 | D:7      | Identified a scroll of acquirement
  5513 | D:7      | Found a sacrificial altar of Ru.
  5576 | D:7      | Reached skill level 8 in Stealth
  6370 | D:8      | Learned a level 1 spell: Animate Skeleton
  6372 | D:8      | Learned a level 1 spell: Apportation
  6375 | D:8      | Learned a level 2 spell: Swiftness
  6480 | D:8      | Reached skill level 1 in Spellcasting
  6497 | D:8      | Noticed a two-headed ogre
  6519 | D:8      | Killed a two-headed ogre
  6519 | D:8      | Reached skill level 9 in Stealth
  6519 | D:8      | Reached XP level 10. HP: 27/71 MP: 13/13
  7211 | D:8      | Reached *** piety under Ashenzari
  7781 | D:9      | Found a staircase to the Lair.
  8105 | D:9      | Found a staircase to the Orcish Mines.
  8364 | D:9      | Noticed Maurice
  8371 | D:9      | Killed Maurice
  8371 | D:9      | Reached skill level 10 in Stealth
  8628 | D:9      | Found Vuqugrei's Magic Scroll Emporium.
  8636 | D:9      | Bought a scroll of teleportation for 42 gold pieces
  8636 | D:9      | Bought a scroll of remove curse for 42 gold pieces
  8636 | D:9      | Bought a scroll of enchant weapon for 105 gold pieces
  8636 | D:9      | Bought a scroll of enchant weapon for 105 gold pieces
  8636 | D:9      | Bought a scroll of remove curse for 42 gold pieces
  8941 | Lair:1   | Entered Level 1 of the Lair of Beasts
  9201 | Lair:1   | Noticed a black mamba
  9211 | Lair:1   | Killed a black mamba
  9310 | Lair:1   | Reached **** piety under Ashenzari
  9712 | Lair:1   | Noticed Harold
  9727 | Lair:1   | Killed Harold
  9727 | Lair:1   | Reached XP level 11. HP: 14/77 MP: 17/17
 10828 | Lair:2   | Found a hole to the Spider Nest.
 11358 | Lair:3   | Reached ***** piety under Ashenzari
 11747 | Lair:3   | Reached XP level 12. HP: 85/85 MP: 18/18
 12526 | Lair:4   | Found the +9 heavy crossbow "Sniper" {velocity, Acc+∞ SInv}
 13124 | Lair:4   | Found a staircase to the Swamp.
 13493 | Lair:5   | Noticed a six-headed hydra
 13580 | Lair:5   | Killed a six-headed hydra
 13695 | Lair:5   | Identified the cursed ring "Kiarchef" {rPois Dex+2} (You acquired it on level 5 of the Lair of Beasts)
 13796 | Lair:5   | Reached skill level 10 in Fighting
 13796 | Lair:5   | Reached skill level 10 in Maces & Flails
 13879 | Lair:5   | Reached skill level 10 in Shields
 13882 | Lair:5   | Noticed a catoblepas
 13892 | Lair:5   | Killed a catoblepas
 14353 | Lair:6   | Entered Level 6 of the Lair of Beasts
 14378 | Lair:6   | Found a staircase to the Slime Pits.
 14777 | Lair:6   | Learned a level 2 spell: Poisonous Vapours
 14823 | Lair:6   | Noticed a catoblepas
 14846 | Lair:6   | Killed a catoblepas
 14846 | Lair:6   | Reached XP level 13. HP: 41/93 MP: 16/20
 14991 | Lair:6   | Reached skill level 5 in Spellcasting
 16248 | D:10     | Entered Level 10 of the Dungeon
 16283 | D:10     | Found a burning altar of Makhleb.
 16727 | D:10     | Reached ****** piety under Ashenzari
 16936 | D:11     | Identified Irphefoq's Papyrus of the Noxious Snowflakes
 17028 | D:11     | Noticed Sonja
 17032 | D:11     | Killed Sonja
 17266 | D:11     | Reached XP level 14. HP: 67/101 MP: 24/24
 17622 | D:11     | Identified the cursed +1 hand axe of the First Yaks {chop, Str+7}
 17624 | D:11     | Identified the cursed +3 long sword of Duisuz {freeze, Str-2 Dex+5}
 17626 | D:11     | Identified the cursed +0 flail of Duaggirgh {freeze, +Inv rElec Stlth+}
 17633 | D:11     | Identified the Catalogue of Venomous Black Rituals
 17655 | D:11     | Identified the +12 short sword of Proximity {vamp, Stlth+} (You took it off an orc knight on level 11 of the Dungeon)
 17696 | D:11     | Identified the +0 rapier of Peace {freeze, rN++}
 18306 | D:12     | Reached skill level 11 in Stealth
 18380 | D:12     | Reached skill level 1 in Evocations
 19133 | D:13     | Found a runed gate.
 19133 | D:13     | Found a runed gate.
 19133 | D:13     | Found a runed gate.
 19139 | D:13     | Noticed a tengu reaver
 19171 | D:13     | Found a runed gate.
 19171 | D:13     | Found a runed gate.
 19171 | D:13     | Found a runed gate.
 19590 | D:13     | Found a stormy altar of Qazlal.
 19813 | D:13     | Reached skill level 1 in Poison Magic
 19849 | D:13     | Found a gate to the Vaults.
 19862 | D:13     | Reached skill level 1 in Translocations
 19868 | D:13     | Reached skill level 1 in Charms
 19868 | D:13     | Reached skill level 1 in Necromancy
 19868 | D:13     | Reached skill level 1 in Air Magic
 20407 | D:13     | Reached XP level 15. HP: 109/109 MP: 27/27
 20675 | D:14     | Reached skill level 12 in Stealth
 20945 | D:14     | Identified the Tome of Aerial Snow
 20952 | D:14     | Learned a level 4 spell: Animate Dead
 20957 | D:14     | Learned a level 4 spell: Airstrike
 20964 | D:14     | Learned a level 6 spell: Freezing Cloud
 21079 | D:14     | Reached skill level 1 in Conjurations
 21081 | D:14     | Reached skill level 1 in Ice Magic
 21378 | D:15     | Entered Level 15 of the Dungeon
 22684 | D:15     | Found Lodeerim's Distillery.
 22703 | D:15     | Bought 2 potions of heal wounds for 130 gold pieces
 22703 | D:15     | Bought a potion of curing for 39 gold pieces
 22703 | D:15     | Bought a potion of heal wounds for 65 gold pieces
 22703 | D:15     | Bought a potion of haste for 130 gold pieces
 22703 | D:15     | Bought a potion of haste for 130 gold pieces
 22703 | D:15     | Bought a potion of resistance for 130 gold pieces
 22859 | D:15     | Reached XP level 16. HP: 117/117 MP: 29/29
 23038 | D:15     | Reached skill level 13 in Stealth
 23039 | D:15     | Found a staircase to the Depths.
 23186 | Orc:1    | Entered Level 1 of the Orcish Mines
 23398 | Orc:1    | Noticed Erolcha
 23406 | Orc:1    | Killed Erolcha
 23572 | Orc:2    | Entered Level 2 of the Orcish Mines
 23772 | Orc:2    | Noticed Saint Roka
 23787 | Orc:2    | Killed Saint Roka
 23787 | Orc:2    | Reached skill level 10 in Dodging
 23864 | Orc:2    | Found Raopity's General Store.
 23893 | Orc:2    | Found Qumoit's Gadget Boutique.
 23916 | Orc:2    | Reached skill level 5 in Air Magic
 23951 | Orc:2    | Found a roughly hewn altar of Beogh.
 23979 | Orc:2    | Found Zixzio Bury's Armour Shoppe.
 24113 | Orc:2    | Found Ruaqiur's Jewellery Boutique.
 24146 | Orc:2    | Bought an uncursed ring of protection from magic for 350 gold pieces
 24475 | Orc:2    | Found a staircase to the Elven Halls.
 24624 | Orc:2    | Found a roughly hewn altar of Beogh.
 24940 | Swamp:1  | Entered Level 1 of the Swamp
 25003 | Swamp:1  | Found a bloodstained altar of Trog.
 25991 | Swamp:2  | Identified the cursed +2 morningstar of a Million Curses {flame, -Tele rPois rN+}
 25993 | Swamp:2  | Reached skill level 5 in Conjurations
 26229 | Swamp:2  | Reached skill level 5 in Ice Magic
 26923 | Swamp:3  | Noticed a thorn hunter
 26998 | Swamp:3  | Noticed a thorn hunter
 27009 | Swamp:3  | Killed a thorn hunter
 27020 | Swamp:3  | Killed a thorn hunter
 27020 | Swamp:3  | Reached skill level 10 in Spellcasting
 27166 | Swamp:3  | Reached skill level 14 in Stealth
 27559 | Swamp:3  | Reached XP level 17. HP: 117/123 MP: 31/31
 27854 | Spider:1 | Entered Level 1 of the Spider Nest
 27917 | Spider:1 | Learned a level 6 spell: Bolt of Cold
 28071 | Spider:1 | Noticed Syneil's ghost (adept MiFi)
 28094 | Spider:1 | Killed Syneil's ghost
 30480 | Spider:4 | Entered Level 4 of the Spider Nest
 30695 | Orc:2    | Bought a lamp of fire for 560 gold pieces
 30695 | Orc:2    | Bought a lightning rod (4/4) for 560 gold pieces
 30712 | Elf:1    | Entered Level 1 of the Elven Halls
 31272 | Elf:1    | Found Uroethry's Distillery.
 31306 | Elf:1    | Bought a potion of heal wounds for 70 gold pieces
 31991 | Elf:1    | Reached XP level 18. HP: 116/131 MP: 33/33
 32414 | Elf:2    | Found Fuplu's Book Shop.
 33224 | Elf:2    | Found a runed gate.
 33224 | Elf:2    | Found a runed gate.
 33224 | Elf:2    | Found a runed gate.
 33638 | Swamp:4  | Entered Level 4 of the Swamp
 33834 | Swamp:4  | Noticed Bai Suzhen
 33861 | Swamp:4  | Killed Bai Suzhen
 35070 | Swamp:4  | Reached skill level 15 in Stealth
 35127 | Swamp:4  | Noticed the 27-headed Lernaean hydra
 35620 | Swamp:4  | Got a decaying rune of Zot
 35733 | Swamp:4  | Killed the 27-headed Lernaean hydra
 36034 | Vaults:1 | Entered Level 1 of the Vaults
 36156 | Vaults:1 | Reached skill level 15 in Fighting
 36184 | Vaults:1 | Reached XP level 19. HP: 43/139 MP: 31/35
 36928 | Vaults:1 | Noticed Aizul
 36943 | Vaults:1 | Killed Aizul
 37719 | Vaults:1 | Reached skill level 16 in Stealth
 38932 | Vaults:2 | Noticed a lich
 38943 | Vaults:2 | Killed a lich
 40156 | Vaults:2 | Reached XP level 20. HP: 57/147 MP: 0/37
 40941 | Vaults:2 | Found a staircase to the Crypt.
 41306 | Vaults:3 | Reached skill level 17 in Stealth
 42360 | Vaults:3 | Found a hazy altar of Hepliaklqana.
 42991 | Vaults:4 | Found Wipto's Distillery.
 43020 | Vaults:4 | Found Tiraoma's Jewellery Emporium.
 43027 | Vaults:4 | Bought 2 potions of heal wounds for 180 gold pieces
 43027 | Vaults:4 | Bought 3 potions of curing for 162 gold pieces
 43027 | Vaults:4 | Bought a potion of curing for 54 gold pieces
 43027 | Vaults:4 | Bought a potion of curing for 54 gold pieces
 43027 | Vaults:4 | Bought a potion of haste for 180 gold pieces
 43027 | Vaults:4 | Bought a potion of invisibility for 144 gold pieces
 43739 | Vaults:4 | Reached skill level 18 in Stealth
 43981 | Vaults:4 | Reached XP level 21. HP: 105/154 MP: 30/39
 44160 | Vaults:4 | Found Miro Xieh's General Store.
 44165 | Vaults:4 | Bought 2 scrolls of teleportation for 132 gold pieces
 44165 | Vaults:4 | Bought a scroll of brand weapon for 440 gold pieces
 44165 | Vaults:4 | Bought a potion of heal wounds for 110 gold pieces
 44481 | Vaults:4 | Found an opulent altar of Gozag.
 44801 | Vaults:1 | Learned a level 3 spell: Regeneration
 45009 | Spider:4 | Reached skill level 15 in Shields
 45788 | Spider:4 | Paralysed by a hornet for 3 turns
 46180 | Spider:4 | Got a gossamer rune of Zot
 46432 | Depths:1 | Entered Level 1 of the Depths
 46436 | Depths:1 | Reached skill level 15 in Dodging
 46548 | Depths:1 | Noticed Mara
 46559 | Depths:1 | Noticed tsouns's illusion
 46563 | Depths:1 | Killed from afar by Mara (illusionary)

Vault maps used:
D:1:      onia_arrival_mini_spirals, nrook_mini_vaults, evilmike_ruin_ashenzari
D:2:      chequers_ecumenical_altar_simple_redux
D:3:      lightli_temple_of_fire, first_ration, nicolae_gozag_zags_fifth_avenue,
          uniq_natasha
D:5:      lightli_corner_chamber, uniq_pikel
D:6:      minmay_temple_entry_mist, uniq_edmund, uniq_blork_the_orc,
          uniq_menkaure
D:7:      serial_bayou, serial_bayou_pond_c, serial_bayou_shore_b,
          serial_bayou_shore_b, serial_bayou_pond_c, serial_bayou_pond_d,
          serial_bayou_crossing, the_bakery, nicolae_ru_path_of_blood
D:8:      zaba_anthole
D:9:      lair_entry_dummy, erik_orc_3, serial_shops, nicolae_shop_trees,
          uniq_maurice
D:10:     basic_altar
D:11:     minmay_the_grid_triangle_9x9_recursive_2_mashed, minmay_evil_grid,
          uniq_sonja
D:13:     kennysheep_treasure_stockpile, grunt_vaults_entry_tiered, basic_altar,
          kennysheep_doodads
D:14:     corexii_leaking_fountain
D:15:     grunt_enter_depths_snipers, serial_shops, shop, roderic_lattice_a
Lair:1:   grunt_megastairs_2, uniq_harold
Lair:2:   spider_nest_entry_webs, lemuel_fruit_fields
Lair:4:   nicolae_swamp_entry_splash_gauntlet
Lair:5:   minmay_lair_oklob_chamber
Lair:6:   hangedman_lair_caniforms_friends, minmay_slime_entry_jelly_boxes
Swamp:1:  basic_altar
Swamp:2:  hangedman_swamp_ruin_wall, swamp_pool1, nicolae_swamp_trees_clearing
Swamp:3:  evilmike_swamp_ruin_house_4
Swamp:4:  swamp_old_school, swamp_pool4, infiniplex_staircase_pool_2,
          uniq_bai_suzhen
Spider:2: hangedman_spider_tarantella_strand, nicolae_spider_cling_halls
Spider:3: nicolae_spider_stair_cavern
Spider:4: grunt_spider_rune_parallel
Orc:1:    uniq_erolcha
Orc:2:    st_orc_town, basic_altar, uniq_saint_roka
Elf:1:    serial_shops, shop_coins, hangedman_elf_represent
Elf:2:    serial_shops, shop, minivault_20
Vaults:1: vaults_room_semicircle, vaults_dpeg_encased_lava, st_more_cells,
          vaults_room_large_hall, vaults_room_pool, hangedman_vaults_pinch,
          v_pattern_5, vaults_mumra_minichess, ontoclasm_vaults_spin,
          vaults_room_boxed, grunt_vaults_hallway_long,
          vaults_room_stairs_pillars, vaults_room_octagon,
          vaults_room_fancy_cross, nicolae_vaults_yaktaur_gun_rack,
          ontoclasm_vaults_pinch, uniq_aizul
Vaults:2: nicolae_vaults_little_squares_1, v_misc_33, vaults_room_fancy_cross,
          v_alt_pattern_3, nicolae_vaults_fighting_squares,
          hangedman_vaults_cutoff, minmay_crypt_entry_simple_walls, v_misc_23,
          nicolae_vaults_little_squares_6, nicolae_vaults_gold_heap
Vaults:3: v_misc_33, v_misc_25, v_misc_9, nicolae_vaults_specimen_jars,
          nicolae_vaults_network_periphery, hangedman_vaults_restitches,
          v_misc_11, serial_glass, basic_altar
Vaults:4: nicolae_vaults_what_the_h, nicolae_vaults_ninety_degrees,
          ontoclasm_vaults_fault, nicolae_vaults_inception_scallops,
          nicolae_vaults_network_s, vaults_room_grunt_arrival_ludios,
          nicolae_vaults_diagonal_hallway_6, ontoclasm_vaults_decontamination,
          v_misc_2, v_misc_23, nicolae_vaults_alarming,
          nicolae_vaults_shelves_hall, vaults_room_grid, vaults_room_semicircle,
          st_cells, basic_altar, serial_shops, shop, shop, nicolae_shop_crystal
Depths:1: hellmouth_3, fountainhead, minmay_misc_feat_square,
          grunt_decor_resistance, small_chamber_with_monster,
          serial_sigils_hangedman_stare, grunt_ministairs_8,
          minmay_misc_feat_enclosed, minmay_misc_feat_x, st_stairs_13,
          kennysheep_generic_room_3, uniq_mara

Skill      XL: |  1  2  3  4  5  6  7  8  9 10 11 12 13 14 15 16 17 18 19 20 21 |
---------------+----------------------------------------------------------------+-----
Stealth        | 1 2 3 4 5 7 9 10 11 12 14 15 16 18 | 18.3
Maces & Flails | 3 4 5 8 11 12 | 12.1
Fighting       | 4 5 7 8 9 10 11 12 13 14 15 16 17 | 17.0
Shields        | 4 5 7 8 9 10 11 12 13 14 15 | 15.0
Dodging        | 4 5 6 8 9 10 11 12 13 14 15 | 15.0
Spellcasting   | 2 4 7 8 9 10 11 12 13 14 | 14.6
Evocations     | 3 4 |  4.5
Poison Magic   | 1 2 |  2.7
Translocations | 1 2 |  2.1
Charms         | 1 2 |  2.1
Necromancy     | 1 2 |  2.2
Air Magic      | 1 4 6 |  6.1
Conjurations   | 3 5 6 |  6.9
Ice Magic      | 3 5 6 |  6.8
Throwing       | |  0.1

Action                   |  1- 3 |  4- 6 |  7- 9 | 10-12 | 13-15 | 16-18 | 19-21 || total
-------------------------+-------+-------+-------+-------+-------+-------+-------++-------
Melee: Flail             |    87 |    83 |    15 |       |       |       |       ||   185
       Tentacles         |    12 |    20 |    53 |   104 |   213 |   295 |   322 ||  1019
       Constrict         |    23 |    20 |    47 |    54 |    98 |   158 |   157 ||   557
       Falchion          |       |       |   167 |   139 |       |       |       ||   306
       Morningstar       |       |       |       |   336 |   855 |  1018 |  1029 ||  3238
Throw: Throwing net      |       |     1 |       |       |       |       |       ||     1
       Stone             |       |       |     4 |     7 |       |    14 |     5 ||    30
 Cast: Animate Skeleton  |       |       |       |    40 |    78 |    16 |    65 ||   199
       Poisonous Vapours |       |       |       |     7 |    13 |    27 |       ||    47
       Apportation       |       |       |       |     4 |       |       |       ||     4
       Airstrike         |       |       |       |       |    23 |    46 |    64 ||   133
       Animate Dead      |       |       |       |       |    13 |    58 |    47 ||   118
       Freezing Cloud    |       |       |       |       |       |    31 |    20 ||    51
       Bolt of Cold      |       |       |       |       |       |    23 |    16 ||    39
       Regeneration      |       |       |       |       |       |       |     7 ||     7
Invok: Curse Item        |       |     1 |     1 |     2 |     3 |     2 |     1 ||    10
Evoke: Wand              |       |       |     7 |     8 |     4 |     8 |       ||    27
       Lamp of fire      |       |       |       |       |       |     1 |     1 ||     2
  Use: Scroll            |       |    16 |     2 |    18 |     5 |    14 |     8 ||    63
       Potion            |       |       |     3 |     2 |     2 |     5 |     4 ||    16
 Stab: Sleeping          |     8 |    11 |    17 |    29 |    60 |    49 |    44 ||   218
       Distracted        |       |     1 |       |     3 |     9 |    10 |    11 ||    34
       Held in net/web   |       |     1 |       |       |       |       |     1 ||     2
       Paralysed         |       |       |       |       |     1 |       |       ||     1
  Eat: Chunk             |       |     5 |     8 |     9 |    12 |    16 |    33 ||    83
       Ration            |       |     1 |     1 |     6 |     5 |    16 |     4 ||    33
Armor: Skin              |     9 |       |     9 |     9 |    12 |    12 |     9 ||    60
Dodge: Dodged            |    37 |    30 |    68 |   194 |   264 |   382 |   338 ||  1313
Block: Shield            |    45 |    23 |    93 |   300 |   497 |   798 |   774 ||  2530
       Reflection        |       |       |       |       |    20 |    30 |    37 ||    87
       Rpst.: Falchion   |       |       |    23 |    10 |       |       |       ||    33

Table legend:
 A = Spawn XP
 B = Non-spawn XP
 C = Spawn XP percentage of total XP
 D = Spawn monster count
 E = Non-spawn monster count
 F = Spawn count percentage of total count
 G = Total turns spent on level
                    A         B        C        D         E        F      G
               +---------+---------+-------+---------+---------+-------+---------
         Total |       0 |  549612 |   0.0 |       0 |    1570 |   0.0 | 46563
               +---------+---------+-------+---------+---------+-------+---------
           D:1 |       0 |      39 |   0.0 |       0 |      20 |   0.0 |   675
           D:2 |       0 |      48 |   0.0 |       0 |      26 |   0.0 |   660
           D:3 |       0 |     225 |   0.0 |       0 |      30 |   0.0 |   900
           D:4 |       0 |     255 |   0.0 |       0 |       7 |   0.0 |   836
           D:5 |       0 |     429 |   0.0 |       0 |      19 |   0.0 |   625
           D:6 |       0 |    1065 |   0.0 |       0 |      22 |   0.0 |   877
           D:7 |       0 |    1143 |   0.0 |       0 |      27 |   0.0 |  1586
           D:8 |       0 |    2385 |   0.0 |       0 |      28 |   0.0 |  1568
           D:9 |       0 |    1436 |   0.0 |       0 |      34 |   0.0 |  1389
          D:10 |       0 |    4980 |   0.0 |       0 |      28 |   0.0 |   955
          D:11 |       0 |   17469 |   0.0 |       0 |      64 |   0.0 |  1187
          D:12 |       0 |    3402 |   0.0 |       0 |      20 |   0.0 |   634
          D:13 |       0 |   21463 |   0.0 |       0 |      80 |   0.0 |  1909
          D:14 |       0 |   16364 |   0.0 |       0 |      46 |   0.0 |  1150
          D:15 |       0 |   26951 |   0.0 |       0 |      60 |   0.0 |  1410
        Lair:1 |       0 |    3637 |   0.0 |       0 |      16 |   0.0 |  1567
        Lair:2 |       0 |    4678 |   0.0 |       0 |      25 |   0.0 |   870
        Lair:3 |       0 |    3677 |   0.0 |       0 |      17 |   0.0 |  1062
        Lair:4 |       0 |    3576 |   0.0 |       0 |      18 |   0.0 |  1490
        Lair:5 |       0 |    4586 |   0.0 |       0 |      19 |   0.0 |  1006
        Lair:6 |       0 |   14574 |   0.0 |       0 |      84 |   0.0 |  1729
       Swamp:1 |       0 |    2885 |   0.0 |       0 |       9 |   0.0 |   788
       Swamp:2 |       0 |   12506 |   0.0 |       0 |      30 |   0.0 |  1192
       Swamp:3 |       0 |   16240 |   0.0 |       0 |      42 |   0.0 |  1503
       Swamp:4 |       0 |   38098 |   0.0 |       0 |      64 |   0.0 |  1565
      Spider:1 |       0 |   16397 |   0.0 |       0 |      48 |   0.0 |  1146
      Spider:2 |       0 |   13403 |   0.0 |       0 |      40 |   0.0 |  1087
      Spider:3 |       0 |    7742 |   0.0 |       0 |      16 |   0.0 |   749
      Spider:4 |       0 |   32153 |   0.0 |       0 |      67 |   0.0 |  1104
         Orc:1 |       0 |    3345 |   0.0 |       0 |      31 |   0.0 |   437
         Orc:2 |       0 |   16099 |   0.0 |       0 |      92 |   0.0 |  1576
         Elf:1 |       0 |   24239 |   0.0 |       0 |      36 |   0.0 |  1233
         Elf:2 |       0 |   22287 |   0.0 |       0 |      38 |   0.0 |  1209
      Vaults:1 |       0 |   53987 |   0.0 |       0 |      96 |   0.0 |  3280
      Vaults:2 |       0 |   45769 |   0.0 |       0 |      71 |   0.0 |  1961
      Vaults:3 |       0 |   30869 |   0.0 |       0 |      67 |   0.0 |  1433
      Vaults:4 |       0 |   73540 |   0.0 |       0 |     121 |   0.0 |  2084
      Depths:1 |       0 |    7671 |   0.0 |       0 |      12 |   0.0 |   131
               +---------+---------+-------+---------+---------+-------+---------
